| TOP OF THE 1ST |
|
Tacoma Rainiers batting - Pitching for Naperville Lazy Fisherman : LHP Dennys Reyes
|
|
Pitching: LHP Dennys Reyes
|
|
|
Batting: LHB Daryl Boston
|
0-0: Called Strike 0-1: Swinging Strike 0-2: Ball 1-2: Ball 2-2: Fly out, F8 (Flyball, 89D, EV 107.5 MPH)
|
|
Batting: RHB Jose Guillen
|
0-0: Foul Ball, location: 2F 0-1: Ball 1-1: Ball 2-1: Fly out, F9 (Flyball, 9, EV 93.8 MPH)
|
|
Batting: RHB Russ Davis
|
0-0: Ball 1-0: Ball 2-0: Called Strike 2-1: Ball 3-1: Ground out 6-3 (Groundball, 6MS, EV 73.8 MPH)
|
| Top of the 1st over - 0 runs, 0 hits, 0 errors, 0 left on base; Tacoma 0 - Naperville 0 |
| BOTTOM OF THE 1ST |
|
Naperville Lazy Fisherman batting - Pitching for Tacoma Rainiers : RHP Carlos Reyes
|
|
Pitching: RHP Carlos Reyes
|
|
|
Batting: SHB Denny Hocking
|
0-0: Swinging Strike 0-1: Ball 1-1: Ball 2-1: Ball 3-1: Ground out 4-3 (Groundball, 4, EV 94.4 MPH)
|
|
Batting: SHB Walt Weiss
|
0-0: Ground out U3 (Groundball, 34S, EV 86.9 MPH)
|
|
Batting: RHB Pedro Munoz
|
0-0: Ball 1-0: Foul Ball, location: 2F 1-1: SINGLE (Groundball, 56D, EV 102.5 MPH)
|
|
Batting: LHB Matt Luke
|
0-0: Called Strike 0-1: Foul Ball, location: 2F 0-2: Foul Ball, location: 2F 0-2: Foul Ball, location: 2F 0-2: Foul Ball, location: 2F 0-2: Ball 1-2: Foul Ball, location: 2F 1-2: Ball 2-2: Foul Ball, location: 2F 2-2: Strikes out looking
|
| Bottom of the 1st over - 0 runs, 1 hit, 0 errors, 1 left on base; Tacoma 0 - Naperville 0 |
| TOP OF THE 2ND |
|
Tacoma Rainiers batting - Pitching for Naperville Lazy Fisherman : LHP Dennys Reyes
|
|
Batting: LHB Chito Martinez
|
0-0: Ball 1-0: Swinging Strike 1-1: Foul Ball, location: 2F 1-2: Foul Ball, location: 2F 1-2: Ball 2-2: Ball 3-2: SINGLE (Groundball, 34D, EV 104.4 MPH)
|
|
Batting: SHB Greg Norton
|
0-0: Ball 1-0: Ball 2-0: Called Strike 2-1: Ball 3-1: Swinging Strike 3-2: Base on Balls Chito Martinez to second
|
|
Batting: SHB Jason Bates
|
0-0: Ball 1-0: Foul Ball, location: 2F 1-1: Foul Ball, location: 2F 1-2: Fly out, F9 (Line Drive, 9, EV 84.4 MPH)
|
|
Batting: RHB Ron Coomer
|
0-0: Called Strike 0-1: Ball 1-1: Foul Ball, location: 2F 1-2: Strikes out swinging
|
|
Batting: LHB Tim Hyers
|
0-0: Ball 1-0: Foul Ball, location: 2F 1-1: Called Strike 1-2: Strikes out looking
|
| Top of the 2nd over - 0 runs, 1 hit, 0 errors, 2 left on base; Tacoma 0 - Naperville 0 |
| BOTTOM OF THE 2ND |
|
Naperville Lazy Fisherman batting - Pitching for Tacoma Rainiers : RHP Carlos Reyes
|
|
Pitching: RHP Bob Wickman
|
|
|
Batting: RHB David Bell
|
0-0: Ball 1-0: SINGLE (Groundball, 6MD, EV 95.0 MPH)
|
|
Batting: RHB Craig Worthington
|
0-0: Ball 1-0: Swinging Strike 1-1: DOUBLE (Line Drive, 3D, EV 99.4 MPH) David Bell to third Runner from 3rd tries for Home, SAFE, throw by RF to trailing runner, SAFE at third!
|
|
Batting: RHB Gary Bennett
|
0-0: Swinging Strike 0-1: Ball 1-1: Ball 2-1: Swinging Strike 2-2: Fly out, F8 (Line Drive, 8RM, EV 93.1 MPH)
|
|
Batting: RHB Kent Anderson
|
0-0: Ball 1-0: Foul Ball, location: 2F 1-1: Foul Ball, location: 2F 1-2: Strikes out swinging
|
|
Batting: LHB Dan Peltier
|
0-0: Swinging Strike 0-1: Ball 1-1: Ground out 4-3 (Groundball, 4, EV 98.8 MPH)
|
| Bottom of the 2nd over - 1 run, 2 hits, 0 errors, 1 left on base; Tacoma 0 - Naperville 1 |
| TOP OF THE 3RD |
|
Tacoma Rainiers batting - Pitching for Naperville Lazy Fisherman : LHP Dennys Reyes
|
|
Batting: LHB Greg O'Halloran
|
0-0: Ball 1-0: Foul Ball, location: 2F 1-1: Ball 2-1: Foul Ball, location: 2F 2-2: Foul Ball, location: 2F 2-2: Ball 3-2: Ground out 4-3 (Groundball, 34, EV 87.5 MPH)
|
|
Batting: LHB Daryl Boston
|
0-0: Ball 1-0: Swinging Strike 1-1: Swinging Strike 1-2: Strikes out swinging
|
|
Batting: RHB Jose Guillen
|
0-0: Ball 1-0: SINGLE (Line Drive, 7S, EV 89.4 MPH)
|
|
Batting: RHB Russ Davis
|
0-0: Foul Ball, location: 2F 0-1: Ball 1-1: Called Strike 1-2: Ball 2-2: Strikes out swinging
|
| Top of the 3rd over - 0 runs, 1 hit, 0 errors, 1 left on base; Tacoma 0 - Naperville 1 |
| BOTTOM OF THE 3RD |
|
Naperville Lazy Fisherman batting - Pitching for Tacoma Rainiers : RHP Bob Wickman
|
|
Batting: SHB Denny Hocking
|
0-0: Called Strike 0-1: Foul Ball, location: 2F 0-2: Ball 1-2: Foul Ball, location: 2F 1-2: Ground out 6-3 (Groundball, 6S, EV 86.9 MPH)
|
|
Batting: SHB Walt Weiss
|
0-0: Ground out 5-3 (Groundball, 56, EV 86.9 MPH)
|
|
Batting: RHB Pedro Munoz
|
0-0: Ball 1-0: Ball 2-0: Ball 3-0: Called Strike 3-1: Called Strike 3-2: SINGLE (Line Drive, 56D, EV 106.9 MPH)
|
|
Batting: LHB Matt Luke
|
0-0: Ball 1-0: Foul Ball, location: 2F 1-1: DOUBLE (Groundball, 3L, EV 106.3 MPH) Pedro Munoz to third
|
|
Batting: RHB David Bell
|
0-0: SINGLE (Groundball, 6MD, EV 102.5 MPH) Pedro Munoz scores Matt Luke to third Runner from 3rd tries for Home, SAFE, throw by CF to home
|
|
Batting: RHB Craig Worthington
|
0-0: Foul Ball, location: 2F 0-1: Ball 1-1: SINGLE (Flyball, 89S, EV 98.8 MPH) David Bell to second Runner from 2nd tries for 3rd, SAFE, throw by RF made to third
|
|
Batting: RHB Gary Bennett
|
0-0: Fielders Choice at 2nd, 6-4 (Groundball, 6, EV 78.1 MPH)
|
| Bottom of the 3rd over - 2 runs, 4 hits, 0 errors, 2 left on base; Tacoma 0 - Naperville 3 |
| TOP OF THE 4TH |
|
Tacoma Rainiers batting - Pitching for Naperville Lazy Fisherman : LHP Dennys Reyes
|
|
Batting: LHB Chito Martinez
|
0-0: Ball 1-0: Foul Ball, location: 2F 1-1: Ball 2-1: Foul Ball, location: 2F 2-2: Foul Ball, location: 2F 2-2: Foul Ball, location: 2F 2-2: Reached on error, E4 (Groundball, 4, EV 80.6 MPH)
|
|
Batting: SHB Greg Norton
|
0-0: Called Strike 0-1: Foul Ball, location: 2F 0-2: Fly out, F8 (Flyball, 89M, EV 87.5 MPH)
|
|
Batting: SHB Jason Bates
|
0-0: Called Strike 0-1: Called Strike 0-2: Strikes out looking
|
|
Batting: RHB Ron Coomer
|
0-0: Fly out, F9 (Flyball, 9S, EV 88.1 MPH)
|
| Top of the 4th over - 0 runs, 0 hits, 1 error, 1 left on base; Tacoma 0 - Naperville 3 |
| BOTTOM OF THE 4TH |
|
Naperville Lazy Fisherman batting - Pitching for Tacoma Rainiers : RHP Bob Wickman
|
|
Batting: RHB Kent Anderson
|
0-0: Foul Ball, location: 2F 0-1: Fly out, F7 (Line Drive, 78M, EV 109.4 MPH)
|
|
Batting: LHB Dan Peltier
|
0-0: SINGLE (Groundball, 4MD, EV 103.1 MPH)
|
|
Batting: SHB Denny Hocking
|
0-0: Ball 1-0: Ball 2-0: Fly out, F8 (Flyball, 89D, EV 100.0 MPH)
|
|
Batting: SHB Walt Weiss
|
0-0: Ball 1-0: Called Strike 1-1: SINGLE (Line Drive, 8RM, EV 85.0 MPH) Dan Peltier to second Runner from 2nd tries for 3rd, SAFE, throw by CF made to third
|
|
Batting: RHB Pedro Munoz
|
0-0: Ball 1-0: Ground out 4-3 (Groundball, 4, EV 102.5 MPH)
|
| Bottom of the 4th over - 0 runs, 2 hits, 0 errors, 2 left on base; Tacoma 0 - Naperville 3 |
| TOP OF THE 5TH |
|
Tacoma Rainiers batting - Pitching for Naperville Lazy Fisherman : LHP Dennys Reyes
|
|
Batting: LHB Tim Hyers
|
0-0: Called Strike 0-1: Ball 1-1: Swinging Strike 1-2: DOUBLE (Flyball, 78XD, EV 115.6 MPH)
|
|
Batting: LHB Greg O'Halloran
|
0-0: Ball 1-0: SINGLE (Groundball, 34D, EV 103.1 MPH) Tim Hyers to third Runner from 3rd tries for Home, SAFE, no throw by RF
|
|
Batting: LHB Daryl Boston
|
0-0: Ball 1-0: Called Strike 1-1: Fielders Choice at 2nd, 3-6 (Groundball, 3, EV 93.1 MPH)
|
|
Batting: RHB Jose Guillen
|
0-0: Ball 1-0: 2-RUN HOME RUN (Flyball, 7D, EV 95.0 MPH), Distance : 390 ft
|
|
Batting: RHB Russ Davis
|
0-0: Ball 1-0: Ball 2-0: Ball 3-0: SINGLE (Groundball, 6D, EV 98.1 MPH)
|
|
Batting: LHB Chito Martinez
|
0-0: Called Strike 0-1: Ball 1-1: Foul Ball, location: 2F 1-2: Strikes out swinging
|
|
Batting: SHB Greg Norton
|
0-0: Called Strike 0-1: Ball 1-1: Swinging Strike 1-2: Ball 2-2: Ball 3-2: Base on Balls Russ Davis to second
|
|
Pitching: RHP Shigetoshi Hasegawa
|
|
|
Batting: SHB Jason Bates
|
0-0: Ball 1-0: Foul Ball, location: 2F 1-1: Ball 2-1: SINGLE (Groundball, 34D, EV 98.8 MPH) Russ Davis to third Greg Norton to second Runner from 3rd tries for Home, SAFE, no throw by RF
|
|
Batting: RHB Ron Coomer
|
0-0: Called Strike 0-1: Foul Ball, location: 2F 0-2: TRIPLE (Line Drive, 7D, EV 106.9 MPH) Greg Norton scores Jason Bates scores
|
|
Batting: LHB Tim Hyers
|
0-0: Ball 1-0: Called Strike 1-1: Foul Ball, location: 2F 1-2: Foul Ball, location: 2F 1-2: Ball 2-2: Ball 3-2: DOUBLE (Groundball, 3L, EV 102.5 MPH) Ron Coomer scores
|
|
Batting: LHB Greg O'Halloran
|
0-0: Fly out, F5 (Popup, 25, EV 83.8 MPH)
|
| Top of the 5th over - 7 runs, 7 hits, 0 errors, 1 left on base; Tacoma 7 - Naperville 3 |
| BOTTOM OF THE 5TH |
|
Naperville Lazy Fisherman batting - Pitching for Tacoma Rainiers : RHP Bob Wickman
|
|
Batting: LHB Matt Luke
|
0-0: Called Strike 0-1: Called Strike 0-2: Ball 1-2: Fly out, F8 (Flyball, 8LD, EV 90.0 MPH)
|
|
Pitching: LHP Mike Mohler
|
|
|
Batting: RHB David Bell
|
0-0: Ball 1-0: Ball 2-0: Foul Ball, location: 2F 2-1: SINGLE (Groundball, 6MS, EV 70.6 MPH) (infield hit)
|
|
Batting: RHB Craig Worthington
|
0-0: Called Strike 0-1: Foul Ball, location: 2F 0-2: Ball 1-2: Ball 2-2: Ball 3-2: Fly out, F4 (Popup, 34D, EV 43.1 MPH)
|
|
Batting: RHB Gary Bennett
|
0-0: Foul Ball, location: 2F 0-1: Foul Ball, location: 2F 0-2: Ball 1-2: SINGLE (Line Drive, 5D, EV 98.8 MPH) David Bell to second
|
|
Batting: RHB Kent Anderson
|
0-0: Ground out 4-3 (Groundball, 34, EV 81.9 MPH)
|
| Bottom of the 5th over - 0 runs, 2 hits, 0 errors, 2 left on base; Tacoma 7 - Naperville 3 |
| TOP OF THE 6TH |
|
Tacoma Rainiers batting - Pitching for Naperville Lazy Fisherman : RHP Shigetoshi Hasegawa
|
|
Batting: LHB Daryl Boston
|
0-0: Ball 1-0: Ball 2-0: Ball 3-0: Called Strike 3-1: Swinging Strike 3-2: Strikes out swinging
|
|
Batting: RHB Jose Guillen
|
0-0: Ball 1-0: Fly out, F4 (Line Drive, 4, EV 65.0 MPH)
|
|
Batting: RHB Russ Davis
|
0-0: Called Strike 0-1: Called Strike 0-2: Foul Ball, location: 2F 0-2: Strikes out swinging
|
| Top of the 6th over - 0 runs, 0 hits, 0 errors, 0 left on base; Tacoma 7 - Naperville 3 |
| BOTTOM OF THE 6TH |
|
Naperville Lazy Fisherman batting - Pitching for Tacoma Rainiers : LHP Mike Mohler
|
|
Batting: LHB Dan Peltier
|
0-0: Called Strike 0-1: SINGLE (Line Drive, 3D, EV 106.9 MPH)
|
|
Batting: SHB Denny Hocking
|
0-0: Ball 1-0: DOUBLE (Line Drive, 7LS, EV 98.8 MPH) Dan Peltier to third
|
|
Batting: SHB Walt Weiss
|
0-0: Ground out 4-3 (Groundball, 4, EV 88.8 MPH) Dan Peltier scores Denny Hocking to third
|
|
Batting: RHB Pedro Munoz
|
0-0: Ball 1-0: Ball 2-0: Called Strike 2-1: Swinging Strike 2-2: Foul Ball, location: 2F 2-2: Ball 3-2: Foul Ball, location: 2F 3-2: Foul Ball, location: 2F 3-2: SINGLE (Groundball, 6MD, EV 97.5 MPH) Denny Hocking scores
|
|
Pitching: LHP Billy Brewer
|
|
|
Batting: LHB Matt Luke
|
0-0: Called Strike 0-1: Called Strike 0-2: Foul Ball, location: 2F 0-2: Foul Ball, location: 2F 0-2: Ball 1-2: Foul Ball, location: 2F 1-2: Foul Ball, location: 2F 1-2: DOUBLE (Groundball, 3L, EV 107.5 MPH) Pedro Munoz to third
|
|
Batting: RHB David Bell
|
0-0: Ball 1-0: Ground out 6-3 (Groundball, 6, EV 87.5 MPH) Pedro Munoz scores
|
|
Batting: RHB Craig Worthington
|
0-0: Called Strike 0-1: Ball 1-1: Reached on error, E6 (Groundball, 6, EV 90.6 MPH) Matt Luke scores
|
|
Batting: RHB Gary Bennett
|
0-0: Called Strike 0-1: Foul Ball, location: 2F 0-2: Foul Ball, location: 2F 0-2: SINGLE (Groundball, 6, EV 85.6 MPH) (infield hit) Craig Worthington to third
|
|
Batting: RHB Kent Anderson
|
0-0: Called Strike 0-1: SINGLE (Groundball, 6MD, EV 96.9 MPH) Craig Worthington scores Gary Bennett to second Runner from 2nd tries for 3rd, SAFE, throw by CF made to third
|
|
Batting: LHB Dan Peltier
|
0-0: Ball 1-0: Ball 2-0: Ground out U3 (Groundball, 3, EV 88.8 MPH)
|
| Bottom of the 6th over - 5 runs, 6 hits, 1 error, 2 left on base; Tacoma 7 - Naperville 8 |
| TOP OF THE 7TH |
|
Tacoma Rainiers batting - Pitching for Naperville Lazy Fisherman : RHP Shigetoshi Hasegawa
|
|
Batting: LHB Chito Martinez
|
0-0: Ball 1-0: Ball 2-0: Ball 3-0: Base on Balls
|
|
Pitching: RHP Cory Bailey
|
|
|
Batting: SHB Greg Norton
|
0-0: Foul Ball, location: 2F 0-1: Swinging Strike 0-2: Foul Ball, location: 2F 0-2: Strikes out looking
|
|
Batting: SHB Jason Bates
|
0-0: Ball 1-0: Ball 2-0: Foul Ball, location: 2F 2-1: Foul Ball, location: 2F Balk! Chito Martinez to second 2-2: Foul Ball, location: 2F 2-2: Fly out, F7 (Flyball, 78D, EV 97.5 MPH) Runner from 2nd tags up, SAFE at 3rd with throw by LF
|
|
Pinch Hitting: LHB Dion James
|
0-0: Ball 1-0: Foul Ball, location: 2F 1-1: Ball 2-1: Called Strike 2-2: Ball 3-2: Base on Balls
|
|
Batting: LHB Tim Hyers
|
0-0: Called Strike 0-1: Foul Ball, location: 2F 0-2: Ball 1-2: Fly out, F7 (Flyball, 7D, EV 98.1 MPH)
|
| Top of the 7th over - 0 runs, 0 hits, 0 errors, 2 left on base; Tacoma 7 - Naperville 8 |
| BOTTOM OF THE 7TH |
|
Naperville Lazy Fisherman batting - Pitching for Tacoma Rainiers : LHP Billy Brewer
|
|
Now at 1B: Dion James
|
|
|
Batting: SHB Denny Hocking
|
0-0: Ball 1-0: Swinging Strike 1-1: Ground out 6-3 (Groundball, 6, EV 102.5 MPH)
|
|
Batting: SHB Walt Weiss
|
0-0: Ball 1-0: Ground out 1-3 (Groundball, 25, EV 68.8 MPH)
|
|
Batting: RHB Pedro Munoz
|
0-0: Swinging Strike 0-1: Ball 1-1: Foul Ball, location: 2F 1-2: Foul Ball, location: 2F 1-2: Ball 2-2: Ball 3-2: SINGLE (Groundball, 34D, EV 101.3 MPH)
|
|
Batting: LHB Matt Luke
|
0-0: Ball 1-0: Ball 2-0: SINGLE (Flyball, 89S, EV 87.5 MPH) Pedro Munoz to second Runner from 2nd tries for 3rd, SAFE, throw by RF made to third
|
|
Pitching: LHP Jeff Wallace
|
|
|
Batting: RHB David Bell
|
0-0: SINGLE (Groundball, 56D, EV 106.3 MPH) Pedro Munoz scores Matt Luke to second
|
|
Batting: RHB Craig Worthington
|
0-0: Foul Ball, location: 2F 0-1: Ball 1-1: Fly out, F3 (Popup, 3F, EV 71.9 MPH)
|
| Bottom of the 7th over - 1 run, 3 hits, 0 errors, 2 left on base; Tacoma 7 - Naperville 9 |
| TOP OF THE 8TH |
|
Tacoma Rainiers batting - Pitching for Naperville Lazy Fisherman : RHP Cory Bailey
|
|
Batting: LHB Greg O'Halloran
|
0-0: Ball 1-0: Fly out, F7 (Flyball, 7LMF, EV 86.3 MPH)
|
|
Batting: LHB Daryl Boston
|
0-0: Ball 1-0: Ground out 1-3 (Groundball, 15, EV 84.4 MPH)
|
|
Batting: RHB Jose Guillen
|
0-0: Ball 1-0: Called Strike 1-1: Called Strike 1-2: SINGLE (Line Drive, 78S, EV 86.3 MPH)
|
|
Batting: RHB Russ Davis
|
0-0: Ball 1-0: Foul Ball, location: 2F 1-1: Ball 2-1: Ball 3-1: Base on Balls Jose Guillen to second
|
|
Batting: LHB Chito Martinez
|
0-0: SINGLE (Flyball, 89S, EV 83.1 MPH) Jose Guillen to third Russ Davis to second Runner from 3rd tries for Home, SAFE, throw by RF to home
|
|
Batting: SHB Greg Norton
|
0-0: Called Strike 0-1: Ball 1-1: Ball 2-1: Foul Ball, location: 2F 2-2: Ball 3-2: TRIPLE (Flyball, 8LXD, EV 103.8 MPH) Russ Davis scores Chito Martinez scores
|
|
Pitching: RHP Scott Arnold
|
|
|
Batting: SHB Jason Bates
|
0-0: Foul Ball, location: 2F 0-1: Called Strike 0-2: Ball 1-2: SINGLE (Groundball, 4MD, EV 95.6 MPH) Greg Norton scores
|
|
Batting: LHB Dion James
|
0-0: Ball 1-0: Fly out, F7 (Flyball, 7D, EV 93.1 MPH)
|
| Top of the 8th over - 4 runs, 4 hits, 0 errors, 1 left on base; Tacoma 11 - Naperville 9 |
| BOTTOM OF THE 8TH |
|
Naperville Lazy Fisherman batting - Pitching for Tacoma Rainiers : LHP Jeff Wallace
|
|
Batting: RHB Gary Bennett
|
0-0: Ball 1-0: Called Strike 1-1: Swinging Strike 1-2: Ball 2-2: Ball 3-2: Foul Ball, location: 2F 3-2: Fly out, F8 (Flyball, 8LM, EV 81.9 MPH)
|
|
Batting: RHB Kent Anderson
|
0-0: Foul Ball, location: 2F 0-1: Ball 1-1: Swinging Strike 1-2: Foul Ball, location: 2F 1-2: Ball 2-2: Foul Ball, location: 2F 2-2: Fly out, F7 (Flyball, 78S, EV 91.9 MPH)
|
|
Batting: LHB Dan Peltier
|
0-0: Ball 1-0: SINGLE (Flyball, 7S, EV 85.6 MPH)
|
|
Batting: SHB Denny Hocking
|
0-0: Ball 1-0: SINGLE (Groundball, 56D, EV 94.4 MPH) Dan Peltier to second
|
|
Pitching: LHP Kevin Wickander
|
|
|
Pinch Hitting: RHB Joe Ayrault
|
0-0: Called Strike 0-1: Called Strike 0-2: Ball 1-2: Fly out, F9 (Flyball, 9LSF, EV 84.4 MPH)
|
| Bottom of the 8th over - 0 runs, 2 hits, 0 errors, 2 left on base; Tacoma 11 - Naperville 9 |
| TOP OF THE 9TH |
|
Tacoma Rainiers batting - Pitching for Naperville Lazy Fisherman : RHP Scott Arnold
|
|
Pitching: RHP Blas Minor
|
|
|
Now at 2B: Juan Castro
|
|
|
Batting: LHB Tim Hyers
|
0-0: Called Strike 0-1: Ground out 4-3 (Groundball, 4S, EV 87.5 MPH)
|
|
Batting: LHB Greg O'Halloran
|
0-0: Swinging Strike 0-1: Ball 1-1: Called Strike 1-2: Ball 2-2: Ball 3-2: Strikes out swinging
|
|
Batting: LHB Daryl Boston
|
0-0: Ball 1-0: Called Strike 1-1: Ground out U3 (Groundball, 3, EV 83.1 MPH)
|
| Top of the 9th over - 0 runs, 0 hits, 0 errors, 0 left on base; Tacoma 11 - Naperville 9 |
| BOTTOM OF THE 9TH |
|
Naperville Lazy Fisherman batting - Pitching for Tacoma Rainiers : LHP Kevin Wickander
|
|
Pitching: RHP Tavo Alvarez
|
|
|
Batting: RHB Pedro Munoz
|
0-0: Ball 1-0: Ball 2-0: Ball 3-0: Foul Ball, location: 2F 3-1: Swinging Strike 3-2: Fly out, F8 (Flyball, 8LM, EV 84.4 MPH)
|
|
Batting: LHB Matt Luke
|
0-0: Ball 1-0: Called Strike 1-1: Foul Ball, location: 2F 1-2: Ball 2-2: Ball 3-2: Strikes out looking
|
|
Batting: RHB David Bell
|
0-0: Fly out, F7 (Flyball, 7LM, EV 88.8 MPH)
|
| Bottom of the 9th over - 0 runs, 0 hits, 0 errors, 0 left on base; Tacoma 11 - Naperville 9 |
|